 Dungeon Crawl Stone Soup version 0.28-a0-197-g74814aa22a (webtiles) character file.

Game seed: 2975744191013989626

25 Arne the Gusty (level 3, -2/19 HPs)
             Began as a Tengu Air Elementalist on Aug 19, 2021.
             Slain by a hobgoblin (4 damage)
             ... on level 1 of the Dungeon.
             The game lasted 00:04:37 (380 turns).

Arne the Gusty (Tengu Air Elementalist)              Turns: 380, Time: 00:04:38

Health: -2/19      AC:  2    Str:  8    XL:     3   Next: 6%
Magic:  3/7        EV: 12    Int: 15    God:
Gold:   44         SH:  0    Dex: 15    Spells: 5/6 levels left

rFire   . . .      SeeInvis .   b - +0 spear
rCold   . . .      Faith    .   (no shield)
rNeg    . . .      Spirit   .   a - +0 robe
rPois   .          Reflect  .   (helmet restricted)
rElec   .          Harm     .   (no cloak)
rCorr   .          Rampage  .   (no gloves)
Will    .....                   (boots unavailable)
Stlth   ++........              (no amulet)
HPRegen 0.06/turn               (no ring)
MPRegen 0.10/turn               (no ring)

@: no status effects
A: beak, talons 3
a: no special abilities


You were on level 1 of the Dungeon.
You visited 1 branch of the dungeon, and saw 1 of its levels.

You collected 44 gold pieces.

Inventory:

Hand Weapons
 b - a +0 spear (weapon)
Armour
 a - a +0 robe (worn)
Potions
 c - 2 potions of might {unknown}


   Skills:
 * Level 0.2 Fighting
 + Level 0.2 Polearms
 + Level 2.6 Dodging
 + Level 2.1 Stealth
 + Level 2.3 Spellcasting
 + Level 1.3 Conjurations
 + Level 4.5 Air Magic


You had 5 spell levels left.
You knew the following spells:

 Your Spells              Type           Power      Damage    Failure   Level
a - Shock                 Conj/Air       40%        1d5       6%          1

Your spell library contained the following spells:

 Spells                   Type           Power      Damage    Failure   Level
 Static Discharge         Conj/Air       10%        N/A       10%         2
 Swiftness                Air            15%        N/A       10%         3
 Airstrike                Air            7%         N/A       32%         4


Dungeon Overview and Level Annotations

Branches:
Dungeon (1/15)

Altars:


Innate Abilities, Weirdness & Mutations

You have a beak for a mouth.
You have claws for feet.


Message History

Aim: a hobgoblin (68% to hit)
The zap hits the hobgoblin.
The hobgoblin is severely wounded.
A quokka comes into view.
Casting: Shock (safe; 6% risk of failure)
Confirm with . or Enter, or press ? or * to list all spells.
Aiming: Shock (safe; 6% risk of failure)
Press: ? - help, Shift-Dir - straight line, p - hobgoblin The zap misses the hobgoblin.
Casting: Shock (safe; 6% risk of failure)
Confirm with . or Enter, or press ? or * to list all spells.
Aiming: Shock (safe; 6% risk of failure)
Press: ? - help, Shift-Dir - straight line The zap hits the hobgoblin.
The hobgoblin is severely wounded.
The zap hits the quokka.
The quokka is severely wounded.
Reach: b) +0 spear
Press: ? - help, Dir - move target, f - hobgoblin
Aim: a hobgoblin (severely wounded, about 40% to evade your +0 spear)
You reach to attack!
You hit the hobgoblin but do no damage.
The hobgoblin is severely wounded.
You closely miss the hobgoblin.
You peck the hobgoblin, but do no damage.
The hobgoblin is severely wounded.
The hobgoblin hits you.
* * * LOW HITPOINT WARNING * * *
Casting: Shock (safe; 6% risk of failure)
Confirm with . or Enter, or press ? or * to list all spells.
Aiming: Shock (safe; 6% risk of failure)
Press: ? - help, Shift-Dir - straight line, f - quokka, p - hobgoblin
Aim: a quokka (severely wounded, 56% to hit)
The zap misses the hobgoblin.
The zap hits the quokka.
You kill the quokka!
The hobgoblin hits you.
* * * LOW HITPOINT WARNING * * *
You closely miss the hobgoblin.
The hobgoblin is moderately wounded.
The hobgoblin hits you.
You die...

#.# #.# #.# #.# ########## #†#
#......†.# #.#######.######.####
##### #...................#
#...####.#######..#####.####
......#........g@.....# #.# #...#
############....#####.##### ..#
####.........####..†......... #
##...####'####...##..#........
####.#### #...# ####.##.#.#######
.##.## #...# ##.#...#
.##.########'### ####.##..#######
.#.##≈..##.....###.≈##.#>........
.#.#≈≈..#.......#..≈≈#.#..#######


You could see a hobgoblin.

Vanquished Creatures
  A dart slug (D:1)
  6 giant cockroaches (D:1)
  2 hobgoblins (D:1)
  A kobold (D:1)
  2 quokkas (D:1)
  2 ball pythons (D:1)
  2 frilled lizards (D:1)
  3 goblins (D:1)
  2 rats (D:1)
21 creatures vanquished.

Notes
Turn   | Place    | Note
-------+----------+-------------------------------------------
     0 | D:1      | Arne the Tengu Air Elementalist began the quest for the
                  | Orb.
     0 | D:1      | Reached XP level 1. HP: 10/10 MP: 4/4
   162 | D:1      | Reached XP level 2. HP: 10/15 MP: 4/6
   357 | D:1      | Reached XP level 3. HP: 5/19 MP: 5/7
   380 | D:1      | Slain by a hobgoblin

Illustrated notes

Levels and vault maps discovered:
D:1:      dpeg_arrival_another_circle, layout_basic, minmay_worlds_worst_comb

Action                   || total
-------------------------++-------
Melee: Spear             ||    40
       Kick              ||     6
       Peck              ||     3
 Cast: Shock             ||    11
 Stab: Sleeping          ||     5
Armor: Robe              ||     5
Dodge: Dodged            ||    18

Table legend: (Time is in decaauts)
 A = Elapsed time spent in this place.
 B = Non-inter-level travel time spent in this place.
 C = Inter-level travel time spent in this place.
 D = Time resting spent in this place.
 E = Time spent auto-exploring this place.
 F = Levels seen in this place.
 G = Mean time per level.
                   A        B        C        D        E       F      G
               +--------+--------+--------+--------+--------+-----+--------+
         Total |    383 |    383 |      0 |      0 |     34 |   1 |  383.0 |
       Dungeon |    383 |    383 |      0 |      0 |     34 |   1 |  383.0 |
               +--------+--------+--------+--------+--------+-----+--------+

Top non-repeatable levels by time:
     D:1: 383 daAuts
